Map: Port Aleksander LE

Players

Aethyr

  • Race: Zerg Zerg
  • Spawn Location: 5:00

Throne - Winner!

  • Race: Protoss Protoss
  • League: Diamond
  • Spawn Location: 11:00

VOD

Have the link to the VOD?

Description

just my 3rd game today, I have plat MMR but I played like shit cuz I didn't focus on SC2 practice too much these days

Time

  • Played on: March 5, 2019, 8:16 a.m.
  • Length: 18:12
Show
View Real Time Build Order
Export as new Build Order

Aethyr Zerg 

Build Orders: Pool First, Lurkers 

Get SALT Encoding   

  12  0:01  Drone  
  13  0:12  Drone  
  14  0:19  Overlord  
  14  0:24  Extractor, Drone  
  15  0:37  Drone x2  
  17  0:45  Drone  
  18  0:55  Drone  
  19  1:01  Spawning Pool  
  18  1:15  Hatchery  
  17  1:29  Drone  
  17  1:30  Extractor, Drone  
  17  1:31  Drone  
  19  1:47  Queen  
  19  1:52  Zergling x2  
  22  1:55  Overlord  
  22  2:05  Overlord  
  22  2:23  Queen  
  22  2:25  Drone  
  22  2:26  Drone  
  22  2:27  Drone  
  22  2:28  Queen  
  29  2:31  Metabolic Boost  
  29  2:38  Drone  
  29  2:39  Drone  
  31  2:45  Overlord  
  31  2:50  Drone  
  32  2:55  Drone  
  33  3:02  Roach Warren  
  33  3:05  Zergling x4  
  33  3:06  Zergling x2  
  34  3:17  Zergling x6  
  37  3:25  Roach Warren  
  36  3:28  Drone x2  
  36  3:31  Drone  
  39  3:35  Drone  
  39  3:36  Drone x2  
  39  3:37  Drone  
  43  3:52  Drone  
  43  3:53  Overlord  
  43  3:54  Overlord  
  45  4:04  Evolution Chamber  
  44  4:11  Evolution Chamber  
  44  4:13  Spine Crawler  
  42  4:22  Drone x6  
  42  4:23  Drone x2  
  50  4:28  Extractor  
  49  4:33  Extractor  
  49  4:34  Zerg Missile Weapons Level 1  
  48  4:52  Hatchery, Overlord, Zergling x2  
  48  4:53  Overlord  
  48  4:55  Zerg Ground Armor Level 1  
  48  5:05  Pneumatized Carapace  
  48  5:06  Drone x3  
  51  5:12  Lair  
  51  5:17  Extractor  
  51  5:20  Drone x3  
  51  5:21  Hatchery, Drone  
  54  5:26  Drone x2  
  55  5:29  Drone x2  
  57  5:36  Overlord  
  57  5:50  Drone x2  
  57  5:51  Drone  
  60  5:57  Drone  
  60  5:58  Drone  
  60  5:59  Drone x6  
  68  6:06  Overlord  
  68  6:09  Queen  
  70  6:15  Queen  
  72  6:20  Hydralisk Den  
  72  6:24  Baneling Nest  
  70  6:44  Spore Crawler  
  70  6:45  Overseer  
  65  6:48  Spore Crawler  
  65  6:51  Overseer, Spore Crawler  
  45  7:18  Grooved Spines  
  45  7:20  Drone x8  
  45  7:21  Drone x11  
  61  7:24  Drone  
  61  7:25  Drone x2  
  61  7:26  Drone  
  61  7:27  Drone  
  61  7:28  Zerg Missile Weapons Level 2  
  66  7:34  Zerg Ground Armor Level 2  
  66  7:41  Drone x3  
  69  7:47  Spore Crawler  
  69  7:51  Spine Crawler  
  67  8:01  Roach x6  
  67  8:02  Roach x2  
  83  8:19  Roach x3, Zergling x6  
  96  8:20  Roach x3, Zergling x6  
  99  8:29  Muscular Augments  
  99  8:37  Hydralisk  
  99  8:38  Hydralisk  
  99  8:40  Overlord x3  
  99  8:41  Overlord  
  103  8:50  Spine Crawler  
  102  8:59  Queen  
  102  9:01  Hatchery  
  103  9:06  Spine Crawler  
  103  9:09  Hydralisk  
  102  9:10  Hydralisk x6  
  116  9:18  Extractor  
  116  9:19  Drone x2  
  116  9:20  Extractor, Drone  
  116  9:21  Drone x3  
  120  10:02  Zerg Melee Weapons Level 1  
  120  10:09  Lurker Den  
  120  10:12  Infestation Pit  
  118  10:23  Overseer  
  118  10:30  Queen  
  119  10:49  Hydralisk x8  
  119  10:50  Zergling x2  
  119  10:54  Hive  
  133  11:06  Baneling  
  133  11:07  Baneling x7  
  133  11:14  Overlord  
  133  11:15  Overlord x13  
  133  11:16  Overlord  
  107  11:45  Lurker x7  
  114  11:52  Drone x3  
  117  11:54  Drone  
  117  11:55  Drone  
  117  12:00  Extractor  
  118  12:02  Drone x2  
  118  12:03  Extractor, Drone  
  111  12:13  Ravager  
  92  12:26  Zergling x2, Hydralisk x3  
  92  12:27  Zergling x8, Hydralisk x4  
  92  12:28  Zergling x2  
  88  12:46  Hydralisk x2  
  88  12:47  Hydralisk, Roach x3, Zergling x6  
  103  12:54  Drone  
  102  13:02  Hatchery  
  99  13:11  Zergling x4, Roach x2, Hydralisk  
  108  13:12  Lurker  
  108  13:14  Zergling x2, Lurker  
  105  13:28  Zergling x4  
  105  13:29  Zergling x8  
  73  14:23  Lurker x2  
  73  14:25  Swarm Host  
  73  14:26  Zergling x2, Hydralisk x2  
  73  14:27  Zergling x2, Roach x3, Hydralisk  
  90  14:35  Zergling x2, Hydralisk  
  90  14:36  Zergling x2, Roach, Hydralisk x3  
  90  14:37  Roach x2, Zergling x2  
  89  14:47  Zerg Missile Weapons Level 3  
  89  14:48  Zerg Ground Armor Level 3  
  89  14:54  Drone x4  
  89  14:55  Drone x4  
  89  15:08  Lurker  
  89  15:09  Lurker  
  91  15:16  Hydralisk x2  
  91  15:17  Zergling x6, Hydralisk x3  
  91  15:18  Zergling x10  
  91  15:19  Zergling x2  
  110  15:23  Queen  
  63  16:11  Drone x2  
  63  16:12  Drone x4  
  69  16:25  Spire  
  68  16:41  Hydralisk  
  68  16:42  Zergling x2, Hydralisk x2  
  68  16:43  Zergling x6, Roach x5, Hydralisk x4  
  68  16:44  Roach x4  
  68  16:47  Hatchery  
  103  16:51  Lurker  
  104  16:56  Roach x2, Zergling x6  
  104  16:58  Lurker  
  104  17:00  Lurker  
  81  17:29  Zergling x2  
  68  17:31  Zergling x2, Roach x2, Hydralisk x4  
  68  17:32  Roach x5, Zergling x6  
  85  17:50  Roach x3  
Show
View Real Time Build Order
Export as new Build Order

Throne Protoss - Winner!

Build Orders: 1 Gate Expand, Archon Immortal, Dark Templar Rush 

Get SALT Encoding   

  12  0:00  Probe  
  13  0:12  Probe  
  14  0:20  Pylon  
  14  0:25  Probe  
  15  0:35  Probe  
  16  0:43  Probe  
  16  0:47  Gateway  
  17  1:03  Probe  
  18  1:15  Probe  
  19  1:25  Nexus  
  19  1:35  Cybernetics Core  
  19  1:43  Probe  
  19  1:45  Assimilator  
  20  1:51  Assimilator  
  20  1:56  Zealot  
  20  2:02  Pylon  
  22  2:10  Probe  
  23  2:20  Pylon  
  23  2:22  Probe  
  24  2:27  Adept  
  26  2:34  Probe  
  27  2:39  Twilight Council  
  27  2:45  Probe  
  27  2:48  Stalker  
  30  3:06  Probe  
  30  3:09  Probe  
  32  3:18  Pylon, Probe  
  33  3:21  Probe  
  34  3:30  Probe  
  34  3:33  Probe  
  36  3:42  Probe  
  36  3:44  Dark Shrine  
  36  3:45  Probe  
  36  3:47  Robotics Facility  
  38  3:49  Warp Gate  
  38  3:54  Probe  
  39  3:57  Probe  
  40  4:06  Probe  
  40  4:09  Probe  
  42  4:16  Assimilator  
  42  4:18  Probe, Assimilator  
  42  4:21  Probe  
  44  4:29  Pylon  
  44  4:30  Probe  
  45  4:33  Pylon, Probe  
  46  4:43  Warp Prism, Probe  
  49  4:46  Probe  
  49  4:57  Probe  
  49  4:58  Probe  
  51  5:09  Probe  
  51  5:10  Probe  
  51  5:11  Pylon  
  53  5:16  Gateway  
  53  5:18  Gateway  
  53  5:20  Gateway  
  53  5:21  Probe  
  53  5:22  Probe  
  53  5:26  Observer  
  56  5:43  Probe x2  
  56  5:49  Pylon  
  58  5:53  Dark Templar  
  58  5:55  Probe  
  61  5:57  Immortal  
  65  6:14  Pylon  
  65  6:16  Dark Templar x3  
  72  6:25  Probe x2  
  73  6:37  Immortal, Probe  
  78  6:51  Probe x2  
  78  6:53  Zealot x3  
  78  6:54  Zealot  
  88  6:59  Observer  
  86  7:03  Probe x2  
  86  7:07  Nexus  
  82  7:29  Dark Templar x3  
  88  7:30  Dark Templar  
  88  7:33  Archon x2  
  88  7:36  Observer  
  90  7:42  Pylon  
  90  7:43  Pylon  
  90  8:03  Probe x2  
  92  8:07  Zealot x2  
  92  8:08  Zealot x2  
  100  8:15  Probe x2  
  102  8:24  Charge  
  102  8:31  Immortal  
  102  8:33  Probe  
  102  8:34  Probe  
  104  8:37  Zealot x2  
  104  8:38  Zealot x2  
  116  8:49  Pylon  
  116  8:53  Pylon  
  116  8:55  Pylon  
  116  8:56  Forge  
  116  8:58  Forge  
  116  9:00  Immortal  
  116  9:01  Assimilator  
  116  9:03  Assimilator  
  116  9:14  Zealot x2  
  116  9:15  Zealot x2  
  128  9:30  Protoss Ground Armor Level 1, Protoss Ground Weapons Level 1  
  128  9:31  Robotics Facility  
  128  9:33  Immortal  
  128  9:36  Sentry x4  
  140  9:46  Gateway  
  140  9:47  Gateway  
  140  9:50  Gateway  
  140  9:53  Gateway  
  140  9:54  Gateway  
  140  10:07  Probe x2  
  140  10:09  Immortal  
  146  10:17  Sentry  
  148  10:24  Pylon  
  148  10:27  Pylon x2  
  148  10:30  Pylon  
  148  10:31  Pylon  
  148  10:41  Nexus  
  148  10:51  Zealot  
  150  10:59  Dark Templar  
  150  11:00  Dark Templar x6  
  150  11:01  Dark Templar  
  164  11:05  Archon x3  
  164  11:06  Archon  
  164  11:13  Immortal x2  
  163  11:44  Warp Prism  
  163  11:45  Immortal  
  167  12:14  Protoss Ground Armor Level 2, Protoss Ground Weapons Level 2  
  165  12:20  Warp Prism  
  167  12:23  Templar Archives  
  127  12:46  Zealot x3  
  127  12:47  Zealot x5  
  127  12:48  Zealot  
  115  12:59  Immortal  
  115  13:00  Immortal  
  115  13:32  Photon Cannon  
  115  13:36  Photon Cannon  
  115  13:37  Photon Cannon  
  115  13:39  Immortal, Observer  
  112  13:44  High Templar x5  
  112  13:45  High Templar x2  
  118  13:52  Archon  
  118  13:53  Archon x2  
  110  13:58  Zealot x2  
  86  14:18  Observer  
  86  14:23  Zealot  
  86  14:24  Zealot x2  
  89  14:25  Zealot x3  
  89  14:26  Zealot x3  
  95  14:39  Immortal  
  95  14:47  High Templar  
  95  14:48  High Templar x6  
  95  14:49  High Templar x2  
  113  15:01  Archon x3  
  113  15:02  Archon  
  113  15:31  Pylon, Protoss Ground Weapons Level 3, Protoss Ground Armor Level 3  
  113  15:34  Protoss Air Weapons Level 1, Observer  
  109  15:36  Zealot x2, Assimilator  
  109  15:37  Zealot x3  
  109  15:38  Zealot x4  
  109  15:40  Observer  
  128  15:43  Psionic Storm, Assimilator  
  120  15:52  Observer  
  103  16:05  High Templar x2  
  103  16:06  High Templar x5  
  103  16:09  Archon  
  103  16:10  Archon x2  
  117  16:12  Archon  
  117  16:14  Observer  
  117  16:16  Zealot x2  
  122  16:35  Observer  
  123  16:49  Zealot  
  123  16:50  Zealot x6  
  123  16:51  Zealot x2  
  135  17:20  Observer x2  
  119  17:34  Zealot x2  
  119  17:35  Zealot x5  
  119  17:36  Zealot x2  
  107  18:11  Zealot x3  
  107  18:12  Zealot x3  
Tags
 
Add a new tag
Caveats
  • Supply blocks, unpowered buildings, or Contaminate may cause inaccurate times.
  • Supply counts are checked every 10 seconds.